Map: [ESL] Oceanborn

Players

Kelazhur

  • Race: Terran Terran
  • Spawn Location: 5:00

SKillous - Winner!

  • Race: Protoss Protoss
  • League: Diamond
  • Spawn Location: 11:00

Event: IEM Katowice 2024

VOD

Have the link to the VOD?

Description

Time

  • Played on: Feb. 9, 2024, 1:11 p.m.
  • Length: 11:41

All games in this series

Show
View Real Time Build Order
Export as new Build Order

Kelazhur Terran 

Build Orders: Cyclone Opening 

Get SALT Encoding   

  12  0:00  SCV  
  13  0:12  SCV  
  14  0:16  Supply Depot  
  14  0:24  SCV  
  14  0:28  Refinery  
  15  0:38  SCV  
  16  0:45  Barracks  
  16  0:50  SCV  
  17  1:02  SCV  
  18  1:14  SCV  
  19  1:31  Marine  
  19  1:32  Orbital Command  
  20  1:36  Factory  
  20  1:43  Supply Depot  
  20  1:50  Barracks Reactor  
  20  1:58  SCV  
  21  2:08  Command Center  
  21  2:12  SCV  
  22  2:24  SCV  
  22  2:27  Supply Depot  
  23  2:35  Cyclone x2  
  27  2:38  SCV  
  28  2:45  Refinery  
  28  2:50  SCV  
  28  2:51  Barracks Tech Lab  
  28  3:02  SCV  
  29  3:08  Hellion x2  
  33  3:14  Marine, SCV  
  33  3:16  Barracks  
  35  3:20  Orbital Command  
  35  3:25  Barracks  
  35  3:32  SCV  
  36  3:41  Orbital Command  
  36  3:45  SCV  
  36  3:47  Siege Tank, Marine x2  
  42  3:57  SCV  
  42  4:00  Engineering Bay  
  43  4:04  Barracks Tech Lab  
  43  4:06  SCV  
  43  4:09  SCV  
  45  4:10  Marine x2  
  45  4:15  Barracks Tech Lab  
  47  4:18  SCV  
  47  4:19  Siege Tank  
  51  4:24  Supply Depot  
  51  4:25  SCV  
  51  4:29  Stimpack  
  52  4:35  Terran Infantry Weapons Level 1  
  52  4:39  Marine  
  52  4:40  Marine  
  54  4:46  SCV x2, Marine  
  54  4:49  Supply Depot  
  54  4:52  Marine  
  58  4:58  Combat Shield, SCV x2  
  58  4:59  Marine  
  61  5:00  Marine  
  62  5:11  SCV x2, Marine x2  
  62  5:12  Supply Depot  
  66  5:20  Marine x2  
  68  5:23  SCV x2  
  68  5:26  Supply Depot  
  70  5:33  Siege Tank  
  70  5:34  Marauder  
  70  5:35  SCV x2  
  77  5:42  Marauder  
  77  5:45  Marine  
  77  5:48  SCV x2, Marine  
  81  5:50  Supply Depot, Refinery  
  81  5:52  Starport  
  81  5:56  Marauder  
  82  6:00  SCV  
  81  6:06  Supply Depot, SCV  
  81  6:07  Command Center  
  81  6:10  Marine x2  
  83  6:12  SCV  
  83  6:17  Siege Tank  
  85  6:23  SCV  
  85  6:25  Concussive Shells, Marauder x2  
  90  6:29  Marine x2  
  89  6:36  SCV  
  84  6:46  Starport Reactor, Marauder  
  86  6:47  SCV  
  86  6:48  SCV  
  86  6:49  Marauder, Marine x2, Refinery  
  86  6:53  Siege Tank  
  95  6:59  SCV  
  93  7:02  SCV  
  93  7:06  Supply Depot  
  93  7:07  Supply Depot  
  94  7:11  Barracks  
  94  7:14  Marauder, Marine  
  94  7:15  Barracks  
  97  7:17  Marauder  
  97  7:21  Marine  
  100  7:24  SCV  
  100  7:25  SCV  
  100  7:28  Medivac x2  
  106  7:30  Supply Depot  
  106  7:34  Marine  
  110  7:38  Terran Infantry Armor Level 1  
  110  7:39  SCV x2  
  110  7:41  Supply Depot  
  110  7:43  Factory Reactor  
  109  7:46  Marauder x2, Marine  
  109  7:50  Orbital Command  
  114  7:54  SCV x2  
  114  7:57  Marine  
  117  8:04  Armory, Medivac  
  119  8:06  SCV x2  
  119  8:08  Marine  
  119  8:09  Medivac  
  119  8:12  Marine x2, Refinery  
  127  8:16  Supply Depot  
  127  8:17  SCV, Marine  
  127  8:18  SCV x2  
  130  8:21  Marauder  
  130  8:26  Marine x2  
  130  8:27  Marine  
  134  8:30  Marine x2, SCV x3, Refinery  
  134  8:32  Supply Depot  
  140  8:37  Marine  
  140  8:39  Factory Reactor  
  140  8:41  Viking x2  
  145  8:42  Marauder  
  145  8:43  SCV  
  145  8:44  Marine  
  150  8:48  Marauder  
  150  8:50  Marine  
  150  8:51  Marauder, Marine  
  150  8:53  Supply Depot  
  153  8:58  Marine  
  153  9:02  Marine, Supply Depot  
  155  9:04  Marauder  
  159  9:10  Marauder  
  159  9:12  Marauder  
  159  9:16  Viking x2, Marine  
  166  9:21  Marine x3  
  169  9:25  Marauder, SCV  
  169  9:28  Sensor Tower  
  169  9:31  Marauder, Supply Depot  
  174  9:37  Marine  
  174  9:38  Marauder  
  174  9:39  Marine x2  
  174  9:45  Marine  
  177  9:46  Marauder  
  177  9:49  Ghost Academy  
  177  9:50  Command Center  
  177  9:52  Marine  
  180  9:57  Marine x2  
  180  9:59  Marauder  
  184  10:02  Viking x2  
  188  10:08  Marine  
  188  10:11  Marine  
  188  10:12  Supply Depot  
  188  10:13  Missile Turret  
  188  10:14  Missile Turret  
  188  10:15  Marauder  
  188  10:16  Missile Turret  
  188  10:21  Marauder, Marine  
  182  10:25  Marauder, Marine  
  177  10:30  SCV  
  164  10:36  Marine  
  164  10:38  Orbital Command  
  153  10:48  Marauder, Marine  
  155  10:52  Marine  
  146  11:00  Marauder  
  146  11:02  SCV  
Show
View Real Time Build Order
Export as new Build Order

SKillous Protoss - Winner!

Build Orders: 1 Gate Expand, Blink Stalkers, Colossus Rush 

Get SALT Encoding   

  12  0:00  Probe  
  13  0:12  Probe  
  14  0:18  Pylon  
  14  0:24  Probe  
  15  0:37  Gateway  
  15  0:42  Probe (Chrono Boost)  
  16  0:47  Assimilator  
  16  0:53  Probe (Chrono Boost)  
  17  0:57  Probe (Chrono Boost)  
  18  1:08  Probe  
  19  1:20  Probe  
  19  1:24  Cybernetics Core  
  20  1:34  Nexus  
  20  1:41  Pylon  
  20  1:44  Probe  
  21  1:51  Assimilator  
  21  1:56  Probe  
  21  1:57  Adept (Chrono Boost)  
  21  1:59  Warp Gate (Chrono Boost)  
  24  2:08  Probe  
  25  2:18  Adept (Chrono Boost)  
  25  2:20  Probe  
  28  2:32  Probe  
  28  2:34  Twilight Council  
  28  2:40  Gateway  
  28  2:44  Stalker  
  28  2:48  Probe  
  28  2:50  Probe  
  32  2:55  Blink (Chrono Boost)  
  32  2:57  Shield Battery  
  32  3:01  Probe  
  32  3:04  Probe  
  34  3:13  Probe  
  34  3:17  Probe  
  36  3:25  Probe  
  37  3:27  Pylon  
  37  3:31  Probe  
  38  3:40  Stalker x2  
  42  3:42  Probe  
  42  3:44  Probe  
  44  3:50  Pylon  
  44  3:53  Robotics Facility  
  44  3:54  Probe  
  45  3:57  Probe  
  46  4:06  Stalker  
  46  4:07  Probe  
  46  4:08  Stalker  
  51  4:13  Pylon  
  51  4:14  Probe  
  52  4:19  Probe  
  53  4:26  Probe  
  53  4:31  Probe  
  54  4:37  Nexus  
  54  4:40  Pylon  
  54  4:41  Observer, Probe  
  54  4:45  Probe  
  57  4:46  Assimilator  
  57  4:49  Assimilator  
  57  4:53  Robotics Bay  
  57  4:54  Probe  
  57  4:58  Probe  
  59  5:04  Observer  
  59  5:06  Probe  
  61  5:11  Probe  
  61  5:13  Gateway  
  62  5:16  Gateway  
  62  5:17  Stalker  
  62  5:18  Stalker, Probe  
  67  5:24  Probe  
  67  5:25  Observer (Chrono Boost)  
  67  5:26  Pylon  
  69  5:32  Probe  
  70  5:38  Forge  
  70  5:43  Colossus (Chrono Boost)  
  70  5:47  Shield Battery  
  70  5:49  Probe  
  76  5:53  Stalker x2  
  76  5:56  Probe  
  79  6:00  Probe  
  79  6:01  Probe  
  79  6:06  Shield Battery  
  79  6:08  Probe  
  80  6:11  Stalker x2  
  80  6:16  Probe x2  
  85  6:18  Shield Battery  
  85  6:23  Stalker x2  
  85  6:25  Probe  
  89  6:28  Probe x2  
  85  6:37  Probe  
  85  6:38  Stalker x2  
  82  6:41  Probe  
  82  6:42  Colossus  
  85  6:47  Gateway  
  85  6:51  Zealot x2, Protoss Ground Weapons Level 1 (Chrono Boost)  
  85  6:53  Probe x2  
  91  7:01  Probe  
  91  7:02  Sentry, Zealot  
  91  7:05  Assimilator, Probe x2  
  91  7:06  Assimilator  
  98  7:08  Pylon  
  98  7:10  Extended Thermal Lance  
  98  7:14  Probe  
  99  7:17  Probe  
  99  7:18  Pylon  
  101  7:24  Gateway  
  101  7:25  Gateway  
  101  7:26  Gateway  
  101  7:27  Probe  
  101  7:34  Zealot x2, Templar Archives  
  105  7:37  Pylon  
  105  7:40  Colossus (Chrono Boost)  
  111  7:48  Photon Cannon  
  111  7:50  Probe  
  112  7:59  Pylon  
  112  8:02  Sentry  
  112  8:03  Zealot x3  
  120  8:06  Pylon  
  120  8:08  Pylon  
  120  8:12  Nexus  
  120  8:15  Pylon  
  120  8:17  High Templar  
  120  8:19  High Templar  
  124  8:20  Zealot  
  124  8:24  Warp Prism (Chrono Boost)  
  124  8:26  Archon  
  128  8:29  Dark Shrine  
  128  8:34  Protoss Ground Weapons Level 2 (Chrono Boost)  
  128  8:38  Zealot x4  
  136  8:41  Photon Cannon  
  136  8:57  Probe  
  136  8:59  Observer (Chrono Boost)  
  136  9:00  Photon Cannon, Probe  
  136  9:02  Gateway  
  139  9:05  Gateway  
  131  9:20  Observer (Chrono Boost), Stalker x6  
  144  9:25  Shield Battery  
  144  9:26  Probe  
  144  9:28  Probe  
  145  9:38  Probe  
  145  9:41  Dark Templar  
  145  9:43  Dark Templar x2  
  145  9:45  Dark Templar  
  154  9:48  Zealot x4  
  154  9:52  Shield Battery  
  162  9:54  Charge (Chrono Boost)  
  162  9:55  Observer  
  162  9:57  Stalker  
  162  9:58  Forge  
  163  10:13  Pylon  
  161  10:19  Dark Templar x3  
  161  10:20  Pylon  
  153  10:43  Zealot x7  
  153  10:48  Shield Battery  
  167  10:51  Nexus  
  167  10:54  Pylon  
  167  10:55  Gateway  
  167  10:56  Gateway  
  167  11:00  Stalker x3  
  165  11:04  Zealot x2  
  163  11:21  Pylon  
  159  11:28  Zealot x8  

Tags
 
Add a new tag
Caveats
  • Supply blocks, unpowered buildings, or Contaminate may cause inaccurate times.
  • Supply counts are checked every 10 seconds.